2 vs 2 Insane Game

Match 22830049
End
Pioneer Squad
Construct Infanterie Kompanie
Selects Mechanized Battlegroup
Grenadier Squad
MG 42 Machine Gun Team
MG 42 Machine Gun Team
Construct Panzergrenadier Kompanie
Panzergrenadier Squad
251 Medium Carrier
Panzergrenadier Officer Quarters
Panzergrenadier Squad
Pak 40 Anti-tank Gun Team
Selects Raid Package
Selects 8 Rad Armored Car
8 Rad Armored Car
Selects UNKNOWN (2160084)
Selects Mobile Repair Stations
Construct Panzer Kompanie
Stoßtruppen Squad
Pak 40 Anti-tank Gun Team
Selects Wespe Self-propelled Artillery
Panzer IV Medium Tank
Selects Zeroing Artillery Barrage
Construct Luftwaffe Kompanie
Medical Bunker
Flak 30 Anti-aircraft Gun Team
Panzer IV Medium Tank
Side Skirts
Panzer Officer Quarters
Panther Heavy Tank
Zeroing Artillery Barrage
Zeroing Artillery Barrage
Panzer IV Medium Tank
Sturmpanzer IV Brummbär
Stoßtruppen Squad
Heartless Jäger
VonManteuffel
aSIISymbiosis
aSIIDemolitionHammer
0
0

Comments sign in to comment!

Heartless Jäger [U] 10 months ago

In this game you will see some early pressure with double Dingo combined with his Team mates Rifles. The Axis halted that with Mg 42s and Bersars and an Assault Gren and that transitions into a fast double Humber and Rifles with bar into double Chaffes however the axis were dug in the Center with mines, Mgs,Inf, At Guns and a halftrack but that left the sides exposed and led to some nice map control for the Allies and by minute 13 the first Footguards hit the field which led to a double Planes push by the Allies and that took out all DAK vehicles in retour they lost 1 chaffe. a very good trade. The Axis now had to fight back by investing into AA the double Allied Planes were taken out and with a P4 arriving at minute 18 the axis managed to regain their control over the center of the Map well but 3 Footguards, double At Guns + double Chaffe made it very hard to use the P4 effectively and with the Arrival of the Grant at 21 min it was starting to look bad. The Allies got more and more territory however they didn't manage to get the Center and from there the Axis were slowly expanding taking back the map and crucially taking the VPs because they Allies were on the backfoot in terms of VPs.

And that led to the crazy late game 3 Grants pushing back every AT gun and P3 in their way, chaffes flanking in together with double Hellcats every minute a Plane got shot down and with the arrival of the black Prince and the Panther tank now you had some big hitters.

Time to see who will claim the Center and take the Victory

Have fun watching